 Dungeon Crawl Stone Soup version 0.31-a0-216-g22e908daa7 (webtiles) character file.

Game seed: 9214428778392362862

5 qw the Shield-Bearer (level 1, 0/14 HPs)
             Began as a Gargoyle Fighter on July 1, 2023.
             Frozen to death by an endoplasm (2 damage)
             ... on level 1 of the Dungeon.
             The game lasted 00:00:06 (138 turns).

qw the Shield-Bearer (Gargoyle Fighter)              Turns: 138, Time: 00:00:07

Health: 0/14       AC:  9    Str: 19    XL:     1   Next: 80%
Magic:  1/1        EV:  9    Int:  8    God:
Gold:   13         SH:  4    Dex:  9    Spells: 0/0 levels left

rFire   . . .        a - +0 war axe
rCold   . . .        c - +0 buckler
rNeg    + . .        b - +0 scale mail
rPois   inf          (no helmet)
rElec   +            (no cloak)
rCorr   .            (no gloves)
SInv    .            (no boots)
Will    .....        (no amulet) Stlth
                     (no ring)
HPRegen 0.22/turn    (no ring)
MPRegen 0.07/turn

%: no passive effects
@: no status effects
A: sickness immunity, AC +2, negative energy resistance 1, electricity
resistance, torment resistance 1, petrification resistance
a: no special abilities


You were on level 1 of the Dungeon.
You visited 1 branch of the dungeon, and saw 1 of its levels.

You collected 13 gold pieces.


Innate Abilities, Weirdness & Mutations

You are immune to sickness and miasma.
Your stone body is resilient. (AC +2)
You are immune to poison.
You resist negative energy. (rN+)
You are resistant to electric shocks. (rElec)
You are resistant to unholy torment.
You are immune to petrification.


   Skills:
 - Level 3.2 Fighting
 + Level 2.2 Axes
 - Level 3.2 Armour
 - Level 3.2 Shields


You couldn't memorise any spells.
You didn't know any spells.
Your spell library was empty.

Inventory:

Hand Weapons
 a - a +0 war axe (weapon)
 g - a +0 mace
Armour
 b - a +0 scale mail (worn)
 c - a +0 buckler (worn)
Scrolls
 e - a scroll of enchant armour {unknown}
 f - a scroll of identify {unknown}
Potions
 d - a potion of might

Dungeon Overview and Level Annotations

Branches:
Dungeon (1/15)

Altars:


Message History

You start resting.
HP restored.
Found a stone staircase leading down.
Enter note: A kobold comes into view. It is wielding a +0 whip.
The kobold shouts!
An endoplasm comes into view.
Enter note:
129 ||| Stepping ~*~*~tactically~*~*~ (stealth).
Enter note: The endoplasm quivers.
An endoplasm comes into view.
You barely miss the kobold.
The endoplasm quivers.
The kobold closely misses you.
You barely miss the kobold. The kobold hits you but does no damage.
A kobold comes into view. It is wielding a +0 short sword.
The kobold hits you but does no damage.
You barely miss the endoplasm. You closely miss the kobold.
The kobold shouts!
The kobold barely misses you. The endoplasm hits you.
You hit the endoplasm but do no damage. You hit the kobold.
The endoplasm hits you but does no damage.
The kobold completely misses you. The kobold hits you with a +0 whip.
The endoplasm freezes you.
You are frozen.
You barely miss the kobold.
The kobold is moderately wounded.
You completely miss the endoplasm. You hit the endoplasm.
The kobold hits you but does no damage.
The endoplasm hits you but does no damage.
The endoplasm freezes you.
You are frozen.
You hit the kobold.
You kill the kobold!
You hit the endoplasm. You hit the endoplasm but do no damage.
The endoplasm freezes you.
You are frozen.
You die...

................ ..........
......#.###########.####%#.
#####>....# #.##.....
####..# ######.##....#
##.####..........###
#...#.#.#.##....#
#..#.#.#.#.#.####
...###J..#.#.#.#..#
#.....K)@#.#<#.#.###
.......J..#.#.#.#.#
##.##..#.#.#.#.#.... J.
#.....#.#.#.###.#
#.#..#.#.#.#.. .# ..##...
#.. ..# # .## ### . ... .#
## .. #


You could see 2 endoplasms and a kobold.

Vanquished Creatures
  A goblin (D:1)
  A hobgoblin (D:1)
  2 kobolds (D:1)
  A frilled lizard (D:1)
  A rat (D:1)
6 creatures vanquished.

Notes
Turn   | Place    | Note
-------+----------+-------------------------------------------
     0 | D:1      | qw the Gargoyle Fighter began the quest for the Orb.
     0 | D:1      | Reached XP level 1. HP: 14/14 MP: 1/1
     0 | D:1      | 0 ||| qw: Version: 0.3-a-35-g05ef00e
     0 | D:1      | 0 ||| qw: Game counter: 7726
     0 | D:1      | 0 ||| qw: Melee chars always use a shield: true
     0 | D:1      | 0 ||| qw: God list: Okawaru
     0 | D:1      | 0 ||| qw: Allow faded altars: false
     0 | D:1      | 0 ||| qw: Do Orc after clearing Dungeon:15 true
     0 | D:1      | 0 ||| qw: Do second Lair branch before Depths: true
     0 | D:1      | 0 ||| qw: Lair rune preference: random
     0 | D:1      | 0 ||| qw: Goals: Normal, Zot:1-4, Slime:5, God:TSO, Crypt,
                  | Tomb, Abyss, Pan, Hells, Win
     0 | D:1      | 0 ||| PLANNING D:1-11
   129 | D:1      | 129 ||| Stepping ~*~*~tactically~*~*~ (stealth).
   137 | D:1      | HP: 2/14 [frozen (4)]
   138 | D:1      | Frozen to death by an endoplasm

Levels and vault maps discovered:
D:1:      lightli_arrival_chessboard, layout_rooms

Skill      XL: |  1 |
---------------+----+-----
Axes           | 2 |  2.2
Fighting       | |  3.2
Armour         | |  3.2
Shields        | |  3.2

Action                     || total
---------------------------++-------
  Melee: War axe           ||    30
 Armour: Scale mail        ||    20
  Dodge: Dodged            ||    24
  Block: Buckler           ||     2

Table legend:
 A = Non-vault XP
 B = Vault XP
 C = Vault XP percentage of total XP
 D = Non-vault monster count
 E = Vault monster count
 F = Vault count percentage of total count
                 A         B        C        D         E       F
            +---------+---------+-------+---------+---------+-------
      Total |       9 |       0 |   0.0 |       6 |       0 |   0.0
            +---------+---------+-------+---------+---------+-------
        D:1 |       9 |       0 |   0.0 |       6 |       0 |   0.0
            +---------+---------+-------+---------+---------+-------
